 Dungeon Crawl Stone Soup version 0.28.0-45-g0d030f2227 (webtiles) character file.

Game seed: 9964994538622244475

127 issech the Cudgeller (level 4, 0/45 HPs)
             Began as a Troll Monk on Apr 11, 2022.
             Slain by a black bear (4 damage)
             ... on level 4 of the Dungeon.
             The game lasted 00:04:16 (2122 turns).

issech the Cudgeller (Troll Monk)                   Turns: 2122, Time: 00:04:16

Health: 0/45       AC:  4    Str: 19    XL:     4   Next: 85%
Magic:  3/3        EV: 10    Int:  6    God:
Gold:   30         SH:  0    Dex: 14    Spells: 3/3 levels left

rFire   + . .      SeeInvis .   j - +0 flail
rCold   . . .      Faith    .   (no shield)
rNeg    . . .      Spirit   .   b - +0 robe
rPois   .          Reflect  .   (helmet restricted)
rElec   .          Harm     .   (no cloak)
rCorr   .          Rampage  .   (gloves unavailable)
Will    .....                   (boots unavailable)
Stlth   ++........              g - amulet of regeneration
HPRegen 1.75/turn               d - ring of protection from fire
MPRegen 0.08/turn               (no ring)

@: no status effects
A: large, unfitting armour, claws 3, regeneration 1, shaggy fur 1, tough skin 1
a: no special abilities


You were on level 4 of the Dungeon.
You visited 1 branch of the dungeon, and saw 4 of its levels.

You collected 30 gold pieces.

Inventory:

Hand Weapons
 a - a +0 mace
 j - a +0 flail (weapon)
 m - a +0 dagger of venom
Missiles
 e - 29 bolts
 l - 43 stones (quivered)
Armour
 b - a +0 robe (worn)
Jewellery
 d - a ring of protection from fire (left claw)
 g - an amulet of regeneration (around neck)
Scrolls
 f - 2 scrolls of teleportation {unknown}
 i - a scroll of holy word {unknown}
 k - 5 scrolls of identify {unknown}
Potions
 c - 2 potions of haste {unknown}
 h - a potion of mutation {unknown}
 n - a potion of magic {unknown}
 o - a potion of degeneration {unknown}


   Skills:
 + Level 3.0 Fighting
 + Level 3.8 Maces & Flails
 + Level 0.1 Throwing
 + Level 3.1 Dodging
 + Level 1.3 Stealth


You had 3 spell levels left.
You didn't know any spells.
Your spell library contained the following spells:

 Spells                   Type           Power      Damage    Failure   Level
 Static Discharge         Conj/Air       0%         N/A       58%         2
 Summon Ice Beast         Ice/Summ       0%         N/A       99%         4
 Lightning Bolt           Conj/Air       0%         1d11      100%        5
 Summon Mana Viper        Hex/Summ       0%         N/A       100%        5
 Monstrous Menagerie      Summ           0%         N/A       100%        7
 Maxwell's Capacitive Co  Air            0%         ∞         100%        8


Dungeon Overview and Level Annotations

Branches:
Dungeon (4/15)
 Temple: D:4-7

Altars:


Innate Abilities, Weirdness & Mutations

You are too large for most types of armour.
You have claws for hands.
Your natural rate of healing is unusually fast.
You are covered in fur. (AC +1)
You have tough skin. (AC +1)


Message History

The black bear misses you. The black bear claws you.
The black bear claws you but does no damage.
The black bear bites you. The black bear barely misses you.
The black bear closely misses you.
You closely miss the black bear.
The black bear is heavily wounded.
The black bear bites you but does no damage.
The black bear claws you. x2
You sock the black bear!
The black bear is severely wounded.
The black bear misses you. The black bear barely misses you.
The black bear claws you but does no damage.
You hit the black bear.
The black bear is almost dead.
The black bear goes berserk!
You barely miss the black bear.
The black bear is almost dead.
The black bear misses you. The black bear barely misses you.
The black bear claws you. The black bear barely misses you.
The black bear claws you. x2
You closely miss the black bear.
The black bear is almost dead.
The black bear bites you. The black bear claws you.
The black bear claws you but does no damage.
The black bear bites you.
* * * LOW HITPOINT WARNING * * *
The black bear barely misses you. x2
You barely miss the black bear.
The black bear is almost dead.
The black bear misses you. The black bear claws you.
* * * LOW HITPOINT WARNING * * *
The black bear claws you but does no damage.
The black bear bites you!
* * * LOW HITPOINT WARNING * * *
The black bear claws you but does no damage.
The black bear closely misses you.
You barely miss the black bear.
The black bear is almost dead.
The black bear bites you.
You die...

#(## ##: #(?
... .(. ....
... ...#.
#(##.....
#(#......
#h....... #..#
#@# ..... #..#
##.##.....
#..###........$
#............##
##.###..##.###
#.# #..##.#
#.###.###...# #
#...........#
#####.###...#


You could see a black bear (berserk).

Vanquished Creatures
  A hound (D:3)
  2 adders
  3 gnolls (D:2)
  A shadow imp (D:3)
  2 dart slugs
  3 ball pythons
  2 endoplasms
  A giant cockroach (D:1)
  2 goblins (D:2)
  7 hobgoblins
  3 quokkas
  3 bats
  4 frilled lizards
  3 kobolds (D:2)
37 creatures vanquished.

Notes
Turn   | Place    | Note
-------+----------+-------------------------------------------
     0 | D:1      | issech the Troll Monk began the quest for the Orb.
     0 | D:1      | Reached XP level 1. HP: 22/22 MP: 0/0
   205 | D:1      | Found a faded altar of an unknown god.
   604 | D:2      | Reached XP level 2. HP: 26/29 MP: 1/1
   693 | D:2      | Reached XP level 3. HP: 30/36 MP: 2/2
  1411 | D:2      | Reached XP level 4. HP: 44/44 MP: 3/3
  2107 | D:4      | Noticed a black bear
  2121 | D:4      | HP: 2/45 [black bear (9)]
  2122 | D:4      | Slain by a black bear

Illustrated notes

Levels and vault maps discovered:
D:1:      lemuel_arrival_tunnels, layout_basic,
          dreamdust_ecumenical_altar_angels_and_demons
D:2:      layout_loops_corners
D:3:      layout_loops_ring
D:4:      layout_loops_ring, kennysheep_mini, serial_shops, shop

Skill      XL: |  1  2  3  4 |
---------------+-------------+-----
Maces & Flails | 3 |  3.8
Dodging        | 3 |  3.1
Fighting       | 3 |  3.0
Throwing       | |  0.1
Stealth        | |  1.3

Action                   |  1- 3 |  4- 6 || total
-------------------------+-------+-------++-------
Melee: Mace              |    42 |       ||    42
       Flail             |    40 |    42 ||    82
       Punch             |     2 |     1 ||     3
Throw: Stone             |       |    20 ||    20
 Stab: Sleeping          |     1 |     1 ||     2
Armor: Robe              |    19 |    25 ||    44
Dodge: Dodged            |    46 |    38 ||    84
